 Dungeon Crawl Stone Soup version 0.25-a0-634-gd1561dc703 (webtiles) character file.

Game seed: 8794915632271045871, levelgen mode: deterministic

109 DasRunzen the Slasher (level 4, -10/34 HPs)
             Began as a Demonspawn Gladiator on Mar 20, 2020.
             Mangled by an ice beast (13 damage)
             ... on level 6 of the Dungeon.
             The game lasted 00:03:55 (2353 turns).

DasRunzen the Slasher (Demonspawn Gladiator)        Turns: 2353, Time: 00:03:55

Health: -10/34     AC:  7    Str: 14    XL:     4   Next: 60%
Magic:  6/6        EV: 13    Int: 10    God:
Gold:   183        SH:  0    Dex: 15    Spells: 5/5 levels left

rFire    . . .     SeeInvis .   a - +0 long sword
rCold    . . .     Gourm    +   (no shield)
rNeg     . . .     Faith    .   b - +0 leather armour
rPois    .         Spirit   .   c - +0 helmet
rElec    .         Reflect  .   (no cloak)
rCorr    .         Harm     .   (no gloves)
MR       .....                  (no boots)
Stlth    +.........             n - amulet of the gourmand
HPRegen  0.11/turn              (no ring)
MPRegen  0.10/turn              (no ring)

@: no status effects
A: yellow scales 2, spiny 1
a: no special abilities


You were on level 6 of the Dungeon.
You were hungry.

You visited 1 branch of the dungeon, and saw 4 of its levels.

You collected 183 gold pieces.

Inventory:

Hand Weapons
 a - a +0 long sword (weapon)
Missiles
 d - 3 throwing nets (quivered)
Armour
 b - a +0 leather armour (worn)
 c - a +0 helmet (worn)
Jewellery
 n - an amulet of the gourmand (around neck)
Wands
 p - a wand of disintegration (12)
Scrolls
 e - 2 scrolls of identify
 h - a scroll of remove curse
 i - a scroll of fear
 o - a scroll of immolation {unknown}
Potions
 g - a potion of heal wounds
 j - 2 potions of curing
 k - a potion of flight
 l - a potion of cancellation
 m - 2 potions of might
Comestibles
 f - 7 rations


   Skills:
 + Level 2.8 Fighting
 + Level 3.2 Long Blades
 - Level 1.7 Throwing
 + Level 1.4 Armour
 + Level 3.2 Dodging
 + Level 1.4 Spellcasting


You had 5 spell levels left.
You didn't know any spells.
Your spell library was empty.

Dungeon Overview and Level Annotations

Branches:
Dungeon (3/15)

Altars:

Annotations:
D:6 Eustachio


Innate Abilities, Weirdness & Mutations

You are mostly covered in yellow scales. (AC +3)
You are partially covered in sharp spines.


Message History

You completely miss the ice beast.
The ice beast is moderately wounded.
The ice beast hits you but does no damage.
The ice beast barely misses you.
You closely miss the ice beast.
The ice beast is moderately wounded.
The ice beast hits you.
* * * LOW HITPOINT WARNING * * *
The ice beast freezes you.
* * * LOW HITPOINT WARNING * * *
Evoke which item? (* to show all) (? for menu, Esc to quit)
Aiming: Disintegrate
Press: ? - help, Shift-Dir - straight line, f - ice beast
Aim: an ice beast (moderately wounded, chance to defeat MR: 65%)
The ice beast is blasted!
You hear an angry hiss.
The ice beast hits you.
* * * LOW HITPOINT WARNING * * *
The ice beast freezes you!
You die...

#......#.......#
#......+.......#
#......#.......#
#..##..##.##..##
#.###..##.##..## ##
#####.##............
#..#.........##....#...
#.......##..##..##.#...
..##..@##..##..##..#.#.
#.Y##..##..##.....#.
....##......##......#.
##### #################


You could see an ice beast.

Vanquished Creatures
  4 gnolls
  2 adders
  2 worms
  2 leopard geckos
  4 giant cockroaches
  2 goblins
  5 hobgoblins (D:1)
  4 jackals (D:2)
  8 bats
  2 frilled lizards
  6 kobolds
  6 rats
47 creatures vanquished.

Notes
Turn   | Place    | Note
-------+----------+-------------------------------------------
     0 | D:1      | DasRunzen the Demonspawn Gladiator began the quest for the
                  | Orb.
     0 | D:1      | Reached XP level 1. HP: 16/16 MP: 1/1
   343 | D:1      | Gained mutation: You are partially covered in sharp spines.
                  | [demonic ancestry]
   343 | D:1      | Reached XP level 2. HP: 22/22 MP: 2/2
   940 | D:2      | Gained mutation: You are partially covered in yellow
                  | scales. (AC +2) [demonic ancestry]
   940 | D:2      | Reached XP level 3. HP: 14/28 MP: 4/4
  1218 | D:1      | Reached skill level 1 in Armour
  1218 | D:1      | Reached skill level 1 in Spellcasting
  1512 | D:2      | Gained mutation: You are mostly covered in yellow scales.
                  | (AC +3) [demonic ancestry]
  1512 | D:2      | Reached XP level 4. HP: 16/34 MP: 5/5
  2199 | D:3      | You fall into a shaft and drop 3 floors!
  2225 | D:6      | Noticed Eustachio
  2338 | D:6      | Noticed an ice beast
  2353 | D:6      | Mangled by an ice beast

Levels and vault maps discovered:
D:1:      lemuel_arrival_rhombus, layout_basic, serial_forest,
          infiniplex_forest_clump_small, infiniplex_forest_clump_small,
          infiniplex_forest_clump_diagonal, infiniplex_forest_straight_2,
          infiniplex_forest_lined_corner
D:2:      layout_rooms, first_ration
D:3:      layout_basic, serial_bayou_lagoon_a
D:6:      minmay_thinvault, layout_gridville, temple_statues, uniq_eustachio

Skill      XL: |  1  2  3 |
---------------+----------+-----
Long Blades    | 3 |  3.2
Armour         | 1 |  1.4
Dodging        | 3 |  3.2
Spellcasting   | 1 |  1.4
Fighting       | |  2.8
Throwing       | |  1.7

Action                   |  1- 3 |  4- 6 || total
-------------------------+-------+-------++-------
Melee: Long sword        |    63 |    43 ||   106
Evoke: Wand              |       |     1 ||     1
  Use: Scroll            |     7 |       ||     7
  Eat: Chunk             |     2 |     2 ||     4
Armor: Leather armour    |    14 |    15 ||    29
Dodge: Dodged            |    65 |    32 ||    97
       Rpst.: Long sword |    14 |    10 ||    24

Table legend:
 A = Non-vault XP
 B = Vault XP
 C = Vault XP percentage of total XP
 D = Non-vault monster count
 E = Vault monster count
 F = Vault count percentage of total count
                 A         B        C        D         E       F
            +---------+---------+-------+---------+---------+-------
      Total |     157 |       0 |   0.0 |      47 |       0 |   0.0
            +---------+---------+-------+---------+---------+-------
        D:1 |      64 |       0 |   0.0 |      20 |       0 |   0.0
        D:2 |      68 |       0 |   0.0 |      21 |       0 |   0.0
        D:3 |      22 |       0 |   0.0 |       5 |       0 |   0.0
        D:6 |       3 |       0 |   0.0 |       1 |       0 |   0.0
            +---------+---------+-------+---------+---------+-------
